 Dungeon Crawl Stone Soup version 0.25.1-8-g42b30a86e7 (webtiles) character file.

Game seed: 11837938111087447453

73627 Abzac the Mender (level 15, 0/136 HPs)
             Began as a Hill Orc Fighter on Dec 18, 2020.
             Was a Priest of Elyvilon.
             Slain by a 14-headed hydra (8 damage)
             ... on level 1 of the Lair of Beasts.
             The game lasted 02:08:50 (24646 turns).

Abzac the Mender (Hill Orc Fighter)                Turns: 24646, Time: 02:08:50

Health: 0/136      AC: 29    Str: 24    XL:     15   Next: 44%
Magic:  25/26      EV:  9    Int:  9    God:    Elyvilon [***...]
Gold:   1399       SH: 20    Dex: 12    Spells: 21/24 levels left

rFire    . . .     SeeInvis .   X - +4 mace (holy)
rCold    + . .     Gourm    .   x - +4 kite shield
rNeg     + . .     Faith    .   t - +7 chain mail of the Pink Corner {Regen+ Str+2 Dex+2}
rPois    +         Spirit   .   G - +0 helmet
rElec    .         Reflect  +   (no cloak)
rCorr    .         Harm     .   J - +2 pair of gloves
MR       +++..                  S - +2 pair of boots of the Albatross {rC+ MR++ Regen+ Str-3}
Stlth    ..........             M - amulet of reflection
HPRegen  1.12/turn              k - ring of positive energy
MPRegen  0.20/turn              D - ring of poison resistance

@: no status effects
A: blurry vision 1, deterioration 1
a: Lesser Healing, Heal Other, Purification, Divine Protection, Renounce
Religion


You were on level 1 of the Lair of Beasts.
You worshipped Elyvilon.
Elyvilon was most pleased with you.
You were not hungry.

You visited 5 branches of the dungeon, and saw 22 of its levels.
You visited 1 bazaar.

You collected 2224 gold pieces.
You spent 825 gold pieces at shops.

Inventory:

Hand Weapons
 n - the +0 halberd of Setiejem {vorpal, rElec, unknown}
   (You found it on level 13 of the Dungeon)

   It inflicts extra damage upon your enemies.
   It insulates you from electricity.
 B - the +12 dagger of the Vulture {vorpal, Str+3}
   (You took it off a big kobold on level 13 of the Dungeon)

   It inflicts extra damage upon your enemies.
   It affects your strength (+3).
 F - a +0 short sword of protection
 L - a +2 war axe of freezing
 W - a +2 battleaxe of venom
 X - a +4 mace of holy wrath (weapon)
Armour
 t - the +7 chain mail of the Pink Corner (worn) {Regen+ Str+2 Dex+2}
   (You found it on level 4 of the Dungeon)

   It affects your strength (+2).
   It affects your dexterity (+2).
   It increases your rate of regeneration.
 u - +0 ice dragon scales
 x - a +4 kite shield (worn)
 G - a +0 helmet (worn)
 J - a +2 pair of gloves (worn)
 S - the +2 pair of boots of the Albatross (worn) {rC+ MR++ Regen+ Str-3}
   (You bought it in a shop on level 2 of the Orcish Mines)

   It affects your strength (-3).
   It protects you from cold.
   It affects your resistance to hostile enchantments.
   It increases your rate of regeneration.
Jewellery
 k - a ring of positive energy (left hand)
 p - an uncursed ring of magical power
 q - an uncursed ring of fire
 w - an uncursed ring of wizardry
 D - a ring of poison resistance (right hand)
 M - an amulet of reflection (around neck)
 O - an uncursed ring of wizardry
 Q - an uncursed ring of magical power
Wands
 s - a wand of disintegration (16)
 C - a wand of paralysis (18)
Scrolls
 e - 7 scrolls of remove curse
 g - 4 scrolls of fog
 i - 2 scrolls of amnesia {unknown}
 j - 2 scrolls of magic mapping
 l - 2 scrolls of vulnerability
 m - 2 scrolls of random uselessness {unknown}
 o - a scroll of teleportation
 r - 3 scrolls of immolation
 y - 7 scrolls of enchant armour
 z - a scroll of fear
 E - a scroll of identify
 H - a scroll of enchant weapon {unknown}
 N - a scroll of blinking {unknown}
 V - a scroll of summoning
 Z - a scroll of silence
Potions
 a - 2 potions of stabbing {unknown}
 c - a potion of ambrosia {unknown}
 d - a potion of might
 h - 2 potions of magic
 v - 4 potions of flight
 A - 9 potions of curing
 I - a potion of haste
 K - a potion of invisibility
 P - a potion of brilliance
 R - a potion of heal wounds {unknown}
 T - 2 potions of mutation {unknown}
Comestibles
 f - 22 rations


   Skills:
 + Level 13.2 Fighting
 - Level 12.2(12.4) Axes
 - Level 2.8(7.3) Maces & Flails
 + Level 14.5 Armour
 - Level 5.0 Dodging
 - Level 7.3 Shields
 - Level 5.3 Spellcasting
 - Level 8.1 Hexes
 - Level 15.1 Invocations


You had 21 spell levels left.
You knew the following spells:

 Your Spells              Type           Power        Failure   Level  Hunger
a - Corona                Hex            ###....      10%         1    #......
b - Slow                  Hex            ###.....     14%         2    ##.....

Your spell library contained the following spells:

 Spells                   Type           Power        Failure   Level  Hunger
 Cause Fear               Hex            ###.......   67%         4    #####..
 Inner Flame              Hex/Fire       #.......     83%         3    ###....
 Portal Projectile        Hex/Tloc       #.....       83%         3    ###....
 Beastly Appendage        Tmut           #.....       95%         1    #......
 Magic Dart               Conj           #...         95%         1    #......
 Blink                    Tloc           N/A          99%         2    ##.....
 Call Imp                 Summ           #.......     99%         2    ##.....
 Sticks to Snakes         Tmut           #.......     99%         2    ##.....
 Leda's Liquefaction      Hex/Erth       #.........   99%         4    #####..
 Conjure Flame            Conj/Fire      #.......     100%        3    ###....
 Ignite Poison            Fire/Tmut/Pois #.......     100%        3    ###....
 Mephitic Cloud           Conj/Pois/Air  #.......     100%        3    ###....
 Spider Form              Tmut/Pois      #.........   100%        3    ###....
 Ice Form                 Ice/Tmut       #.......     100%        4    #####..
 Blade Hands              Tmut           #.........   100%        5    ######.
 Fireball                 Conj/Fire      #.........   100%        5    ######.
 Starburst                Conj/Fire      #.........   100%        6    #######
 Ring of Flames           Chrm/Fire      #.........   100%        7    #######
 Ignition                 Fire           #.........   100%        8    #######


Dungeon Overview and Level Annotations

Branches:
Dungeon (14/15)            Temple (1/1) D:4            Lair (4/6) D:9
  Swamp (0/4) Lair:2       Spider (0/4) Lair:2          Orc (2/2) D:10
    Elf (1/3) Orc:2        Vaults (0/5) D:13

Altars:
Ashenzari
Cheibriados
Dithmenos
Elyvilon
Fedhas
Gozag
Hepliaklqana
Kikubaaqudgha
Makhleb
Nemelex Xobeh
Okawaru
Qazlal
Ru
Sif Muna
Trog
Uskayaw
Vehumet
Wu Jian
Xom
Yredelemnul
Zin
The Shining One
Beogh

Shops:
D:5 *   Orc:2 %}([   Elf:1 ?

Annotations:
D:2 Crazy Yiuf
D:8 Prince Ribbit
D:13 Louise
Lair:3 Gastronok


Innate Abilities, Weirdness & Mutations

Scrolls take you a little longer to read.
Your body sometimes deteriorates upon taking damage.


Message History

The 14-headed hydra bites you but does no damage. x2
You block the 14-headed hydra's attack.
The 14-headed hydra bites you but does no damage. x3
You block the 14-headed hydra's attack.
The 14-headed hydra bites you but does no damage.
As you read the scroll of fear, it crumbles to dust.
You assume a fearsome visage.
The 14-headed hydra resists with some effort.
Your magical contamination has completely faded away.
Unknown command.
You are healed.
You feel somewhat more hungry.
The 14-headed hydra bites you but does no damage.
The 14-headed hydra bites you!
* * * LOW HITPOINT WARNING * * *
You block the 14-headed hydra's attack. x2
The 14-headed hydra bites you but does no damage.
The 14-headed hydra bites you.
* * * LOW HITPOINT WARNING * * *
The 14-headed hydra bites you!
You die...

##.......##......## #.......
##.8...8..#.#...#.# ######.#
#........#.###....#### ##.#
.....8.....##<....##.##### ##..#
..............#...'...##.####.+##
..#####.......#######.###........
....##..##........###.###........
.#..#..#.###....>..##...'........
.#....###..##.#D@.#######........
##..### ......#.#.# #........
##.#. .........#.# #........
.##### ##+######## # ##.#.####
..# ##### #.## ...# ...# ...#


You could see a 14-headed hydra.

Vanquished Creatures
  An orc warlord (Orc:2)
  Josephine (D:12)
  2 hydras
  An ogre mage (D:13)
  A rakshasa (D:13)
  The ghost of kthxbai the Grappler, a novice TrMo of Okawaru (D:9)
  Erolcha (D:10)
  2 centaur warriors (D:13)
  A death knight (D:12)
  Erica (Lair:2)
  2 dancing weapons (Elf:1)
  4 two-headed ogres
  3 tengu warriors (D:13)
  3 orc high priests
  Urug (Orc:1)
  2 deep elf knights (Elf:1)
  An ugly thing (D:13)
  7 orc knights
  14 deep elf magi
  4 orc sorcerers (Orc:2)
  4 cyclopes
  A wolf spider (Lair:2)
  3 manticores
  Joseph (D:7)
  2 centaur zombies (D:13)
  Maurice (D:12)
  3 black mambas
  9 spiny frogs
  Maggie (D:7)
  2 gargoyles
  3 kobold demonologists (D:13)
  2 rime drakes
  2 komodo dragons
  A merfolk (D:11)
  5 hornets
  10 blink frogs
  3 trolls
  6 slime creatures
  6 hippogriffs
  A wyvern (D:11)
  A spriggan (D:11)
  Sigmund (D:3)
  4 wraiths
  A vampire (D:12)
  2 fire elementals
  10 yaks
  A water elemental (Elf:1)
  3 basilisks
  9 vampire mosquitoes
  A hungry ghost (D:7)
  5 wargs
  An acid dragon (D:13)
  5 water moccasins
  4 porcupines
  43 orc warriors
  A sky beast (D:9)
  2 black bears (D:10)
  A necrophage (D:8)
  An ice beast (D:9)
  9 ogres
  3 phantoms
  5 centaurs
  9 wolves
  6 big kobolds
  5 crocodiles
  15 bullfrogs
  2 earth elementals
  A gnoll sergeant (Orc:1)
  2 scorpions
  7 killer bees
  6 wights
  5 electric eels
  4 howler monkeys (D:7)
  8 crimson imps
  4 bullfrog zombies
  2 jellies
  A quasit (D:12)
  4 hounds
  4 centaur skeletons
  22 orc wizards
  17 orc priests
  A bullfrog skeleton (D:12)
  3 iguanas
  7 worker ants
  2 hound skeletons
  A howler monkey zombie (D:10)
  11 gnolls
  8 adders
  4 river rats (D:5)
  2 shadow imps
  2 oozes
  An adder skeleton (D:5)
  2 adder zombies
  6 worms
  A dart slug (D:4)
  5 leopard geckos
  115 orcs
  4 bats
  8 giant cockroaches
  9 hobgoblins
  7 jackals (D:1)
  2 quokkas
  A ball python skeleton (D:4)
  4 frilled lizards
  A giant cockroach zombie (D:5)
  11 goblins
  A jackal skeleton (D:7)
  2 jackal zombies
  30 kobolds
  A leopard gecko zombie (D:7)
  A quokka skeleton (D:4)
  A quokka zombie (D:5)
  16 rats
  2 fungi
628 creatures vanquished.

Vanquished Creatures (others)
  Harold (D:7)
  An air elemental (D:11)
  A water elemental (D:11)
  A bullfrog (D:11)
  A killer bee (D:10)
  A howler monkey (D:7)
  A hound zombie (D:11)
  2 orcs (D:12)
  A giant cockroach (D:7)
  7 plants
17 creatures vanquished.

Grand Total: 645 creatures vanquished

Notes
Turn   | Place    | Note
-------+----------+-------------------------------------------
     0 | D:1      | Abzac the Hill Orc Fighter began the quest for the Orb.
     0 | D:1      | Reached XP level 1. HP: 19/19 MP: 1/1
   143 | D:1      | Reached XP level 2. HP: 23/26 MP: 2/2
   497 | D:1      | Reached XP level 3. HP: 31/31 MP: 3/3
  1501 | D:2      | Reached XP level 4. HP: 39/39 MP: 4/4
  1653 | D:2      | Reached skill level 5 in Axes
  2160 | D:2      | Found a runed translucent door.
  2161 | D:2      | Noticed Crazy Yiuf
  2596 | D:3      | Reached XP level 5. HP: 40/45 MP: 5/5
  3047 | D:3      | Noticed Sigmund
  3063 | D:3      | Killed Sigmund
  3063 | D:3      | Reached skill level 5 in Armour
  3063 | D:3      | Reached XP level 6. HP: 32/51 MP: 6/6
  3793 | D:4      | Reached XP level 7. HP: 37/57 MP: 7/7
  4220 | D:4      | Found a staircase to the Ecumenical Temple.
  4252 | Temple   | Entered the Ecumenical Temple
  4321 | Temple   | Became a worshipper of Elyvilon the Healer
  4707 | D:4      | Got a pitted chain mail
  5146 | D:4      | Identified the +7 chain mail of the Pink Corner {Regen+
                  | Str+2 Dex+2} (You found it on level 4 of the Dungeon)
  5164 | D:5      | Entered Level 5 of the Dungeon
  5258 | D:5      | Reached XP level 8. HP: 67/67 MP: 8/8
  5426 | D:5      | Found Giluutt's General Store.
  5615 | D:5      | Reached * piety under Elyvilon
  5647 | D:5      | Reached skill level 5 in Fighting
  5950 | D:5      | Reached skill level 1 in Invocations
  6085 | D:5      | Reached skill level 2 in Invocations
  6285 | D:6      | Reached skill level 3 in Invocations
  6373 | D:6      | Reached skill level 4 in Invocations
  6578 | D:6      | Reached skill level 5 in Invocations
  6633 | D:6      | Found a shadowy altar of Dithmenos.
  6911 | D:7      | Reached skill level 6 in Invocations
  6911 | D:7      | Reached XP level 9. HP: 74/74 MP: 13/13
  7183 | D:7      | Reached ** piety under Elyvilon
  7183 | D:7      | Noticed Harold
  7202 | D:7      | Elyvilon protects you from harm!
  7203 | D:7      | Elyvilon protects you from harm!
  7205 | D:7      | Killed Harold
  7205 | D:7      | Reached skill level 7 in Invocations
  7576 | D:7      | Noticed Maggie
  7595 | D:7      | Killed Maggie
  7750 | D:7      | Found a basalt altar of Yredelemnul.
  8004 | D:7      | Noticed Joseph
  8042 | D:7      | Killed Joseph
  8352 | D:8      | Found a stormy altar of Qazlal.
  8415 | D:8      | Noticed Prince Ribbit
  8658 | D:8      | Noticed a centaur warrior
  8781 | D:8      | Found an iron altar of Okawaru.
  8901 | D:8      | Reached skill level 10 in Armour
  8901 | D:8      | Reached XP level 10. HP: 88/88 MP: 15/15
  9374 | D:8      | Reached skill level 8 in Invocations
  9840 | D:9      | Found a shimmering altar of Xom.
  9953 | D:9      | Found a staircase to the Lair.
  9964 | Lair:1   | Entered Level 1 of the Lair of Beasts
  9990 | D:9      | Reached *** piety under Elyvilon
  9997 | D:9      | Reached skill level 1 in Dodging
  9997 | D:9      | Reached skill level 9 in Invocations
 10177 | Lair:1   | Noticed a spiny frog
 10243 | Lair:1   | Killed a spiny frog
 10363 | Lair:1   | Noticed a spiny frog
 10385 | Lair:1   | Killed a spiny frog
 10385 | Lair:1   | Reached skill level 10 in Invocations
 10385 | Lair:1   | Reached XP level 11. HP: 52/97 MP: 16/18
 10989 | Lair:1   | Noticed a four-headed hydra
 11028 | D:9      | Reached skill level 5 in Shields
 11263 | D:9      | Identified the +7 rapier of a Thousand Quests {vamp, *Rage
                  | rC+ Dex+2}
 11263 | D:9      | Noticed a tengu warrior
 11263 | D:9      | Noticed a two-headed ogre
 11264 | D:9      | Found a bloodstained altar of Trog.
 11264 | D:9      | Noticed a moth of wrath
 11270 | D:9      | Found a transporter.
 11276 | D:9      | Noticed kthxbai's ghost (novice TrMo)
 11291 | D:9      | Found a transporter.
 11875 | D:10     | Entered Level 10 of the Dungeon
 12029 | D:10     | Noticed Erolcha
 12054 | D:10     | Killed Erolcha
 12178 | D:10     | Reached skill level 5 in Dodging
 12252 | D:10     | Found a staircase to the Orcish Mines.
 12442 | Orc:1    | Entered Level 1 of the Orcish Mines
 12442 | Orc:1    | Noticed an orc knight
 12745 | D:12     | Reached **** piety under Elyvilon
 13126 | D:11     | Noticed a deep elf mage
 13153 | D:11     | Reached skill level 11 in Invocations
 13240 | D:11     | Killed a deep elf mage
 13422 | D:11     | Noticed a deep elf mage
 13531 | D:11     | Killed a deep elf mage
 13640 | D:11     | Reached XP level 12. HP: 104/104 MP: 20/20
 13647 | D:11     | Reached skill level 5 in Hexes
 13647 | D:11     | Reached XP level 13. HP: 111/111 MP: 21/21
 13650 | D:11     | Learned a level 1 spell: Corona
 13842 | D:11     | Found a large runed translucent door.
 13842 | D:11     | Found a large runed translucent door.
 14192 | D:12     | Reached skill level 12 in Invocations
 14865 | Lair:2   | Found a hole to the Spider Nest.
 14936 | Lair:2   | Reached ***** piety under Elyvilon
 15021 | Lair:2   | Noticed Erica
 15038 | Lair:2   | Killed Erica
 15248 | Lair:2   | Reached skill level 10 in Fighting
 15440 | Lair:2   | Found a staircase to the Swamp.
 15825 | Lair:3   | Noticed Gastronok
 16120 | Lair:3   | Learned a level 2 spell: Slow
 16703 | Orc:1    | Reached skill level 13 in Invocations
 16914 | Orc:1    | Noticed Urug
 16930 | Orc:1    | Killed Urug
 17478 | Orc:2    | Entered Level 2 of the Orcish Mines
 17488 | Orc:2    | Gained mutation: Your body sometimes deteriorates upon
                  | taking damage. [a neqoxec]
 17642 | Orc:2    | Found a roughly hewn altar of Beogh.
 18142 | Orc:2    | Found a roughly hewn altar of Beogh.
 18237 | Orc:2    | Found a roughly hewn altar of Beogh.
 18249 | Orc:2    | Reached XP level 14. HP: 109/126 MP: 23/23
 18256 | Orc:2    | Found Otimug's Gadget Emporium.
 18298 | Orc:2    | Found a roughly hewn altar of Beogh.
 18605 | Orc:2    | Paralysed by an orc sorcerer for 7 turns
 18815 | Orc:2    | Reached skill level 10 in Axes
 19188 | Orc:2    | Found a roughly hewn altar of Beogh.
 19189 | Orc:2    | Found Doahipsinn's Food Shop.
 19206 | Orc:2    | Reached skill level 14 in Invocations
 19236 | Orc:2    | Bought a ration for 55 gold pieces
 19236 | Orc:2    | Bought a ration for 55 gold pieces
 19236 | Orc:2    | Bought a ration for 55 gold pieces
 19236 | Orc:2    | Bought a ration for 55 gold pieces
 19395 | Orc:2    | Found a staircase to the Elven Halls.
 19546 | Orc:2    | Noticed an orc warlord
 19582 | Orc:2    | Killed an orc warlord
 19611 | Orc:2    | Found Vietea's Antique Weapon Boutique.
 19612 | Orc:2    | Found a roughly hewn altar of Beogh.
 19617 | Orc:2    | Found Etse's Antique Armour Shop.
 19629 | Orc:2    | Bought a pair of faintly humming boots for 218 gold pieces
 19629 | Orc:2    | Identified the +2 pair of boots of the Albatross {rC+ MR++
                  | Regen+ Str-3} (You bought it in a shop on level 2 of the
                  | Orcish Mines)
 19676 | Orc:2    | Found a roughly hewn altar of Beogh.
 19920 | Elf:1    | Entered Level 1 of the Elven Halls
 20228 | Elf:1    | Reached skill level 1 in Maces & Flails
 20515 | Elf:1    | Found Futups's Magic Scroll Shoppe.
 20592 | Elf:1    | Bought a scroll of identify for 26 gold pieces
 20592 | Elf:1    | Bought a scroll of enchant armour for 97 gold pieces
 20592 | Elf:1    | Bought a scroll of identify for 26 gold pieces
 20592 | Elf:1    | Bought a scroll of identify for 26 gold pieces
 21386 | D:12     | Paralysed by a hornet for 3 turns
 21673 | D:12     | Noticed Maurice
 22256 | D:13     | Noticed Josephine
 22268 | D:12     | Killed Josephine
 22340 | D:13     | Found a gate to the Vaults.
 22356 | D:13     | Reached XP level 15. HP: 110/132 MP: 26/26
 22358 | D:13     | Reached skill level 15 in Invocations
 22420 | D:12     | Killed Maurice
 22928 | D:13     | Found a runed translucent door.
 22943 | D:13     | Found a burning altar of Makhleb.
 22947 | D:13     | Identified the +12 dagger of the Vulture {vorpal, Str+3}
 22957 | D:13     | Reached skill level 5 in Spellcasting
 23001 | D:13     | Found the +6 shillelagh "Devastator" {shatter}
 23134 | D:13     | Gained mutation: Scrolls take you a little longer to read.
                  | [a neqoxec]
 23187 | D:13     | Got a pitted halberd
 23548 | D:13     | Found a flickering gateway to a bazaar.
 23569 | Bazaar   | Entered a bazaar
 23571 | Bazaar   | Found Vuedd's Distillery.
 23585 | Bazaar   | Bought a potion of brilliance for 40 gold pieces
 23586 | Bazaar   | Found Hiafomah's Antique Armour Emporium.
 23614 | Bazaar   | Found Amaceno's Assorted Antiques.
 23628 | Bazaar   | Found Benaubb's Book Shoppe.
 23666 | Bazaar   | Bought a scroll of enchant armour for 172 gold pieces
 23863 | D:14     | Noticed Louise
 24192 | D:9      | Killed kthxbai's ghost
 24642 | Lair:1   | HP: 6/136 [14-headed hydra (5)]
 24646 | Lair:1   | Slain by a 14-headed hydra

Illustrated notes

Levels and vault maps discovered:
D:1:      zelgadis_glass_arrival_small, layout_basic
D:2:      layout_loops_corners, uniq_crazy_yiuf_cottage
D:3:      layout_basic, uniq_sigmund
D:4:      layout_rooms, minmay_temple_entry_statues_pillars
D:5:      layout_loops_ring, serial_shops, shop, first_ration,
          lightli_sewer_entry_pipes
D:6:      layout_basic, nicolae_dithmenos_the_darkroom
D:7:      layout_layer_cave, kennysheep_mini_moat, dk_noncrumbling_2,
          uniq_maggie, uniq_harold, uniq_joseph
D:8:      minmay_bloctagon_deflated, layout_loops_corners, serial_bayou,
          serial_bayou_shore_b, serial_bayou_pond_b, serial_bayou_shore_b,
          serial_bayou_lake_a, basic_altar, okawaru_gym_becter,
          uniq_prince_ribbit1
D:9:      layout_loops_ring, dpeg_oklobed_lair, basic_altar,
          gammafunk_ghost_wrathful_warriors
D:10:     layout_roguey, orc_0_dummy, uniq_erolcha
D:11:     layout_long_grid, hangedman_stone_soup, lightli_elemental_guards
D:12:     layout_cave_pods, gauntlet_entry_generic, st_stairs_10,
          kennysheep_windowed_goal, uniq_maurice
D:13:     minmay_the_grid_triangle_9x9_rhombus_full_mashed
          [minmay_the_grid_triangle_9x9_zippers_horizontal,
          minmay_the_grid_triangle_9x9_odd_lines,
          minmay_the_grid_triangle_9x9_zippers_vertical,
          minmay_the_grid_triangle_9x9_semitri,
          minmay_the_grid_triangle_9x9_subtriangle,
          minmay_the_grid_triangle_9x9_shrine,
          minmay_the_grid_triangle_9x9_skeleton,
          minmay_the_grid_triangle_9x9_prize_insulated], layout_cave_pods,
          david_vaults_2, serial_shops, bzr_entry_gold, serial_glass,
          glass_columns_b, glass_columns_a, minmay_strange_pillars,
          item_on_display_a, uniq_josephine
D:14:     layout_rooms, ebering_ghost_inner_flame, hangedman_decor_opposing,
          uniq_louise, uniq_agnes
Temple:   nicolae_temple_the_god_donut
Lair:1:   layout_roguey, grunt_megastairs_4
Lair:2:   layout_regular_city, minmay_swamp_entry_swarm,
          spider_nest_entry_rubble, serial_bayou_shore_b, uniq_erica
Lair:3:   layout_gridlike, nicolae_quartered_pool_medium,
          kb_xom_exploding_sheep, infiniplex_staircase_pool, uniq_gastronok
Lair:4:   layout_cave_shapes, kennysheep_catoblepas_arena
Orc:1:    layout_caves, sword_in_stone
Orc:2:    grunt_orc_community_town_hall, layout_caves,
          grunt_orc_community_big_house_1, grunt_orc_community_big_house_1,
          grunt_orc_community_house_2, grunt_orc_community_house_1,
          grunt_orc_community_house_3, grunt_orc_community_house_3,
          grunt_orc_community_house_1, grunt_orc_community_house_3
Elf:1:    minmay_elf_arrival_plus, layout_gridlike, serial_shops, shop,
          portal_ice_cave_entry_ice_statue_one, hangedman_corner_corridor

Skill      XL: |  1  2  3  4  5  6  7  8  9 10 11 12 13 14 15 |
---------------+----------------------------------------------+-----
Axes           | 3 4 5 7 8 9 11 12 | 12.2
Armour         | 4 5 6 8 10 11 12 13 14 | 14.5
Fighting       | 4 5 8 9 12 13 | 13.2
Invocations    | 6 7 10 11 13 14 15 | 15.1
Dodging        | 2 5 |  5.0
Shields        | 6 7 |  7.3
Spellcasting   | 4 5 |  5.3
Hexes          | 5 8 |  8.1
Maces & Flails | 2 |  2.8

Action                   |  1- 3 |  4- 6 |  7- 9 | 10-12 | 13-15 || total
-------------------------+-------+-------+-------+-------+-------++-------
Melee: War axe           |   101 |   186 |   547 |   737 |  1477 ||  3048
       Mace              |       |       |       |       |    57 ||    57
       Short sword       |       |       |       |       |     1 ||     1
 Cast: Corona            |       |       |       |       |    10 ||    10
       Slow              |       |       |       |       |     2 ||     2
Invok: Lesser Healing    |       |       |     6 |     3 |     3 ||    12
       Purification      |       |       |       |     1 |     5 ||     6
       Greater Healing   |       |       |       |       |    18 ||    18
  Use: Scroll            |       |     1 |     7 |     5 |    17 ||    30
       Potion            |       |       |       |     1 |     1 ||     2
  Eat: Chunk             |     2 |     7 |    10 |    11 |    18 ||    48
       Ration            |       |       |     4 |     2 |     9 ||    15
Armor: Scale mail        |    46 |    59 |    32 |       |       ||   137
       Chain mail        |       |       |   218 |   428 |   836 ||  1482
Dodge: Dodged            |    34 |    51 |   101 |   266 |   447 ||   899
Block: Kite shield       |    66 |    69 |   222 |   438 |  1705 ||  2500
       Reflection        |       |       |       |       |    40 ||    40
